 Dungeon Crawl Stone Soup version 0.18-a0-1040-g4865665 (webtiles) character file.

800 Oddball22 the Shield-Bearer (level 8, -6/61 HPs)
             Began as a Formicid Fighter on Jan 10, 2016.
             Was an Initiate of Qazlal.
             Killed by divine providence
             ... invoked by an orc priest
              (12 damage)
             ... on level 5 of the Dungeon.
             The game lasted 00:10:26 (5214 turns).

Oddball22 the Shield-Bearer (Formicid Fighter)      Turns: 5214, Time: 00:10:26

Health: -6/61      AC: 10    Str: 22    XL:     8   Next: 13%
Magic:  8/8        EV: 10    Int:  8    God:    Qazlal [......]
Gold:   291        SH: 10    Dex: 11    Spells: 0 memorised, 7 levels left

rFire  . . .     SeeInvis +     a - +0 trident
rCold  . . .     Gourm    .     b - +0 scale mail
rNeg   . . .     Faith    .     c - +0 shield
rPois  .         Spirit   .     (helmet unavailable)
rElec  .         Dismiss  .     (no cloak)
rCorr  .         Reflect  .     B - +0 pair of gloves
SustAt .         Harm     .     G - +1 pair of boots
MR     .....                    (no amulet)
Stlth  ..........               (no ring)
                                (no ring)

@: not resistant to hostile enchantments, extremely unstealthy
A: permanent stasis, dig shafts and tunnels, four strong arms, antennae 3
a: Dig, Shaft Self, Renounce Religion


You were on level 5 of the Dungeon.
You worshipped Qazlal.
Qazlal was noncommittal.
You were not hungry.

You visited 2 branches of the dungeon, and saw 6 of its levels.

You collected 291 gold pieces.

Inventory:

Hand Weapons
 a - a +0 trident (weapon)
 t - a +3 hand axe of flaming
Missiles
 x - 25 bolts
 E - 7 bolts of frost
Armour
 b - a +0 scale mail (worn)
 c - a +0 shield (worn)
 B - a +0 pair of gloves (worn)
 G - a +1 pair of boots (worn)
Jewellery
 C - an uncursed ring of sustain attributes {unknown}
Wands
 r - a wand of teleportation (5/9)
Scrolls
 k - 4 scrolls of identify
 n - 2 scrolls of enchant weapon {unknown}
 o - 3 scrolls of remove curse {unknown}
 q - a scroll of noise {unknown}
 u - a scroll of teleportation {unknown}
 y - a scroll of enchant armour {unknown}
 D - 2 scrolls of immolation {unknown}
 H - a scroll of random uselessness {unknown}
Potions
 d - 3 potions of might
 e - a potion of ambrosia
 g - a potion of degeneration {unknown}
 i - 3 potions of brilliance {unknown}
 j - 8 potions of curing {unknown}
 l - a potion of lignification {unknown}
 m - a potion of resistance {unknown}
 p - a potion of mutation {unknown}
 v - 2 potions of cure mutation {unknown}
 w - 2 potions of invisibility {unknown}
 z - a potion of heal wounds
 A - a potion of haste {unknown}
Comestibles
 f - 3 bread rations
 h - 2 slices of pizza
 s - a meat ration
 F - 4 fruits


   Skills:
 + Level 4.9 Fighting
 * Level 5.0 Polearms
 + Level 5.1 Armour
 + Level 2.6 Dodging
 + Level 5.9 Shields
 + Level 0.8 Invocations


You had 7 spell levels left.
You didn't know any spells.

Dungeon Overview and Level Annotations

Branches:
Dungeon (5/15)             Temple (1/1) D:5

Altars:
Cheibriados
Dithmenos
Elyvilon
Fedhas
Gozag
Kikubaaqudgha
Makhleb
Pakellas
Qazlal
Sif Muna
The Shining One


Innate Abilities, Weirdness & Mutations

You are under a permanent stasis effect.
You can dig through walls and to a lower floor.
Your four strong arms can wield two-handed weapons with a shield.
You have a pair of large antennae on your head (SInv).


Message History

You closely miss the orc.
The orc is severely wounded.
You block the orc's attack. The orc closely misses you.
You puncture the orc!
You kill the orc!
Qazlal accepts your kill.
You hit the orc priest but do no damage.
The orc priest calls down the wrath of Beogh upon you.
Something smites you!
* * * LOW HITPOINT WARNING * * *
You hit the orc priest but do no damage.
The orc priest hits you but does no damage.
You closely miss the orc priest.
The orc priest hits you but does no damage.
You hit the orc priest but do no damage.
The orc priest hits you but does no damage.
You closely miss the orc priest.
The orc priest invokes the aid of Beogh against you.
Something smites you!
You die...

.....##.#########....#
.....+.....#...#....##
.....#.....#........#
........#######..#..#
.######..........#.##
................>..#
.#######.#######..##
###......# #.##
..'...)..# #@#
###......# #o# #
######## #'# # ... #
..... # ....... #
........# #........#
#........#


You could see an orc priest.

Vanquished Creatures
  The ghost of Reinor the Poker, an amateur CeGl (D:3)
  A centaur (D:5)
  A crimson imp (D:3)
  A centaur zombie (D:5)
  4 orc priests (D:5)
  Jessica (D:2)
  Ijyb (D:2)
  2 orc wizards (D:4)
  2 worker ants
  A hound skeleton (D:5)
  8 adders
  A shadow imp (D:5)
  An adder skeleton (D:3)
  7 worms
  4 giant geckos
  22 orcs
  2 ball pythons
  7 bats
  13 giant cockroaches
  10 goblins
  5 hobgoblins
  11 jackals
  10 kobolds
  A giant gecko skeleton (D:4)
  2 giant newts (D:1)
  12 rats
131 creatures vanquished.

Notes
Turn   | Place    | Note
--------------------------------------------------------------
     0 | D:1      | Oddball22 the Formicid Fighter began the quest for the Orb.
     0 | D:1      | Reached XP level 1. HP: 18/18 MP: 1/1
   155 | D:1      | Reached XP level 2. HP: 24/24 MP: 2/2
   393 | D:1      | Reached XP level 3. HP: 29/29 MP: 3/3
   851 | D:1      | Reached skill level 4 in Shields
   874 | D:2      | Noticed Jessica
  1055 | D:2      | Found an ancient bone altar of Kikubaaqudgha.
  1094 | D:2      | Reached XP level 4. HP: 26/35 MP: 4/4
  1207 | D:2      | Noticed Ijyb
  1213 | D:2      | Killed Ijyb
  1213 | D:2      | Reached skill level 1 in Dodging
  1333 | D:2      | Killed Jessica
  1333 | D:2      | Reached XP level 5. HP: 30/42 MP: 5/5
  2099 | D:3      | Noticed Reinor's ghost (amateur CeGl)
  2138 | D:3      | Killed Reinor's ghost
  2138 | D:3      | Reached XP level 6. HP: 27/48 MP: 6/6
  2444 | D:3      | Reached skill level 5 in Shields
  2796 | D:3      | Reached XP level 7. HP: 43/54 MP: 7/7
  3808 | D:4      | Found a deep blue altar of Sif Muna.
  4062 | D:5      | Entered Level 5 of the Dungeon
  4552 | D:5      | Found a staircase to the Ecumenical Temple.
  4561 | Temple   | Entered the Ecumenical Temple
  4591 | Temple   | Became a worshipper of Qazlal Stormbringer
  4662 | D:5      | Found a glowing golden altar of the Shining One.
  4773 | D:5      | Reached XP level 8. HP: 11/61 MP: 8/8
  4794 | D:5      | Reached skill level 5 in Armour
  5203 | D:5      | Reached skill level 5 in Polearms
  5214 | D:5      | Killed from afar by an orc priest

Vault maps used:
D:1:      roderic_chinese_lattice_arrival
D:2:      lemuel_doored_altar, serial_forest, infiniplex_forest_end_1,
          infiniplex_forest_lined_room_2, infiniplex_forest_clump_C,
          infiniplex_forest_diagonal, infiniplex_forest_end_double,
          infiniplex_forest_lined_3_way, infiniplex_forest_lined_3_way,
          infiniplex_forest_clump_double, uniq_jessica, uniq_iyjb
D:4:      first_bread, lightli_sewer_entry_pipes, minivault_27,
          grunt_decor_fettered, lemuel_blue_sif_altar
D:5:      nicolae_tso_swordbearing_angel, minmay_temple_entry_statues,
          hangedman_abyss_or_decor_stagger
Temple:   circular_temple_pool_12

Action                   |  1- 3 |  4- 6 |  7- 9 || total
-------------------------+-------+-------+-------++-------
Melee: Trident           |   124 |   345 |   246 ||   715
  Use: Potion            |     1 |       |       ||     1
       Scroll            |       |     1 |       ||     1
  Eat: Chunk             |     1 |     6 |     8 ||    15
